 Dungeon Crawl Stone Soup version 0.28.0-43-g3370ac3207 (webtiles) character file.

Game seed: 7471617442745157876

522 crimpus the Insei (level 7, -3/62 HPs)
             Began as a Gnoll Transmuter on Mar 17, 2022.
             Slain by a gnoll
             ... wielding a +0 spear
              (4 damage)
             ... on level 5 of the Dungeon.
             The game lasted 00:08:13 (3892 turns).

crimpus the Insei (Gnoll Transmuter)                Turns: 3892, Time: 00:08:14

Health: -3/62      AC:  6    Str: 11    XL:     7   Next: 22%
Magic:  15/15      EV: 11    Int: 13    God:
Gold:   217        SH:  0    Dex: 12    Spells: 10/17 levels left

rFire   x . .      SeeInvis .     - Unarmed
rCold   + + +      Faith    .   (shield currently unavailable)
rNeg    . . .      Spirit   .   (armour currently unavailable)
rPois   +          Reflect  .   (helmet currently unavailable)
rElec   .          Harm     .   (cloak currently unavailable)
rCorr   .          Rampage  .   (gloves currently unavailable)
Will    .....                   (boots currently unavailable)
Stlth   +.........              o - amulet of magic regeneration
HPRegen 0.20/turn               (no ring)
MPRegen 0.54/turn               (no ring)

@: confused, ice-form
A: freezing attack, amphibious, boosted hp, large, (fangs 1), strong nose,
distributed training
a: End Transformation


You were on level 5 of the Dungeon.
You were a creature of crystalline ice.
You visited 1 branch of the dungeon, and saw 5 of its levels.

You collected 217 gold pieces.

Inventory:

Missiles
 e - 2 throwing nets
Armour
 b - a +0 hat (melded)
 d - the +1 leather armour of Entitlement (melded) {Contam rN+ Dex+4 Stlth+}
   (You found it on level 3 of the Dungeon)

   Dex:       It affects your dexterity (+4).
   rN:        It protects you from negative energy.
   Contam:    It causes magical contamination when unequipped.
   Stlth:     It makes you more stealthy.
 g - a +0 helmet
 q - a +0 pair of gloves (melded)
Jewellery
 a - a ring of fire
 i - a ring of see invisible
 o - an amulet of magic regeneration (around neck)
Scrolls
 c - 2 scrolls of fear
 f - a scroll of enchant armour
Potions
 h - a potion of heal wounds
 j - a potion of brilliance
 l - 2 potions of might {unknown}


   Skills:
 + Level 3.5 Fighting
 + Level 2.3 Short Blades
 + Level 2.3 Long Blades
 + Level 2.3 Axes
 + Level 2.3 Maces & Flails
 + Level 2.3 Polearms
 + Level 2.3 Staves
 + Level 2.3 Slings
 + Level 2.3 Bows
 + Level 2.3 Crossbows
 + Level 2.3 Throwing
 + Level 2.3 Armour
 + Level 5.2 Dodging
 + Level 2.3 Stealth
 + Level 2.3 Shields
 + Level 7.0 Unarmed Combat
 + Level 5.5 Spellcasting
 + Level 1.9 Conjurations
 + Level 1.9 Hexes
 + Level 1.9 Summonings
 + Level 1.9 Necromancy
 + Level 1.9 Translocations
 + Level 4.2 Transmutations
 + Level 1.9 Fire Magic
 + Level 1.9 Ice Magic
 + Level 1.9 Air Magic
 + Level 1.9 Earth Magic
 + Level 1.9 Poison Magic
 + Level 2.6 Invocations
 + Level 2.3 Evocations


You had 10 spell levels left.
You knew the following spells:

 Your Spells              Type           Power      Damage    Failure   Level
a - Beastly Appendage     Tmut           28%        N/A       3%          1
b - Wereblood             Tmut           14%        N/A       4%          2
c - Ice Form              Ice/Tmut       11%        N/A       43%         4

Your spell library contained the following spells:

 Spells                   Type           Power      Damage    Failure   Level
 Corpse Rot               Necr/Air       16%        N/A       12%         2
 Poisonous Vapours        Pois/Air       16%        N/A       12%         2
 Spider Form              Tmut/Pois      11%        N/A       14%         3
 Gell's Gravitas          Tloc           8%         N/A       24%         3
 Lesser Beckoning         Tloc           8%         N/A       24%         3
 Teleport Other           Tloc           8%         N/A       24%         3


Dungeon Overview and Level Annotations

Branches:
Dungeon (5/15)
 Temple: D:4-7

Altars:

Annotations:
D:5 Grinder


Innate Abilities, Weirdness & Mutations

You are a creature of crystalline ice.
You have a powerful freezing melee attack.
You are amphibious.
Your maximum health is increased.
Your armour is entirely melded.
You are incapable of wielding weapons or throwing items.
((You have very sharp teeth.))
Your uncanny sense of smell can sniff out nearby items.
Your experience applies equally to all skills.


Message History

You hit Grinder but do no damage.
You hear some strange, mumbled words.
Something tries to affect you, but you resist.
The gnoll hits you from afar with a +0 spear.
You are too injured to fight recklessly!
You are too injured to fight recklessly!
You are too injured to fight recklessly!
Unknown command.
You are too injured to fight recklessly!
You punch Grinder!
Grinder is moderately wounded.
Grinder zaps a wand.
The puff of flame hits you! The fire burns you terribly!
Grinder blinks!
You hear some strange, mumbled words.
You are confused.
You bump into the rock wall.
You hear some strange, mumbled words.
You are more confused.
You hit the gnoll. You freeze the gnoll.
The gnoll is moderately wounded.
The gnoll hits you with a +0 whip.
* * * LOW HITPOINT WARNING * * *
You punch the gnoll! You freeze the gnoll.
You kill the gnoll!
Something hits you.
* * * LOW HITPOINT WARNING * * *
The gnoll hits you from afar with a +0 halberd.
* * * LOW HITPOINT WARNING * * *
You bump into the rock wall.
You hear some strange, mumbled words.
Something tries to affect you, but you resist.
The gnoll hits you from afar with a +0 halberd.
* * * LOW HITPOINT WARNING * * *
You're too confused to move!
Something hits you.
* * * LOW HITPOINT WARNING * * *
The gnoll hits you from afar with a +0 halberd.
* * * LOW HITPOINT WARNING * * *
You bump into the rock wall.
The gnoll hits you from afar with a +0 spear.
You die...

### # ###
##.#######..
###
#.###Y)g......#
##.#
##....{g†.....#
.[##
#...####5.....#
..# ##..##
##Z...## ..##
##..## ....#
...## ##..##
....#
#...#####..##
......
##...##...##
.......
##......##
.......


You could see Grinder, 2 gnolls and a scorpion zombie.

Vanquished Creatures
  Sigmund (D:3)
  A scorpion (D:5)
  A hound (D:5)
  An orc priest (D:4)
  An orc wizard (D:4)
  8 gnolls
  A howler monkey skeleton (D:4)
  5 adders
  An adder skeleton (D:4)
  A worm (D:2)
  A dart slug (D:4)
  9 orcs (D:4)
  6 ball pythons
  6 endoplasms
  5 goblins
  4 hobgoblins
  5 jackals
  5 kobolds
  5 quokkas
  2 bats
  5 frilled lizards
  5 rats
79 creatures vanquished.

Notes
Turn   | Place    | Note
-------+----------+-------------------------------------------
     0 | D:1      | crimpus the Gnoll Transmuter began the quest for the Orb.
     0 | D:1      | Reached XP level 1. HP: 17/17 MP: 6/6
    29 | D:1      | Found a faded altar of an unknown god.
   199 | D:1      | Reached XP level 2. HP: 14/23 MP: 5/7
   464 | D:1      | Learned a level 2 spell: Wereblood
   629 | D:1      | Reached XP level 3. HP: 27/28 MP: 9/9
   706 | D:1      | Reached skill level 5 in Spellcasting
  1002 | D:2      | Reached skill level 1 in Invocations
  1169 | D:2      | Reached skill level 1 in Short Blades
  1169 | D:2      | Reached skill level 1 in Long Blades
  1169 | D:2      | Reached skill level 1 in Axes
  1169 | D:2      | Reached skill level 1 in Maces & Flails
  1169 | D:2      | Reached skill level 1 in Polearms
  1169 | D:2      | Reached skill level 1 in Staves
  1169 | D:2      | Reached skill level 1 in Slings
  1169 | D:2      | Reached skill level 1 in Bows
  1169 | D:2      | Reached skill level 1 in Crossbows
  1169 | D:2      | Reached skill level 1 in Throwing
  1169 | D:2      | Reached skill level 1 in Armour
  1169 | D:2      | Reached skill level 1 in Stealth
  1169 | D:2      | Reached skill level 1 in Shields
  1169 | D:2      | Reached skill level 1 in Evocations
  1322 | D:2      | Reached XP level 4. HP: 29/34 MP: 11/11
  1905 | D:3      | Reached skill level 1 in Conjurations
  1905 | D:3      | Reached skill level 1 in Hexes
  1905 | D:3      | Reached skill level 1 in Summonings
  1905 | D:3      | Reached skill level 1 in Necromancy
  1905 | D:3      | Reached skill level 1 in Translocations
  1905 | D:3      | Reached skill level 1 in Fire Magic
  1905 | D:3      | Reached skill level 1 in Ice Magic
  1905 | D:3      | Reached skill level 1 in Air Magic
  1905 | D:3      | Reached skill level 1 in Earth Magic
  1905 | D:3      | Reached skill level 1 in Poison Magic
  2042 | D:3      | Identified the +1 leather armour of Entitlement {Contam rN+
                  | Dex+4 Stlth+}
  2090 | D:3      | Reached XP level 5. HP: 37/40 MP: 10/12
  2193 | D:3      | Noticed Sigmund
  2208 | D:3      | Killed Sigmund
  2209 | D:3      | Reached skill level 5 in Dodging
  2209 | D:3      | Reached XP level 6. HP: 43/47 MP: 14/14
  3058 | D:4      | HP: 1/47 [orc/+0 mace (6)]
  3786 | D:5      | Entered Level 5 of the Dungeon
  3857 | D:5      | Noticed Grinder
  3867 | D:5      | Learned a level 4 spell: Ice Form
  3871 | D:5      | Paralysed by Grinder for 5 turns
  3879 | D:5      | Reached XP level 7. HP: 48/52 MP: 15/15
  3880 | D:5      | Reached skill level 7 in Unarmed Combat
  3891 | D:5      | HP: 1/62 [gnoll/+0 halberd (6)]
  3892 | D:5      | Slain by a gnoll

Illustrated notes

Levels and vault maps discovered:
D:1:      ncdulo_wetmaze, layout_basic, shapermc_ecumenical_altar_ellora
D:2:      layout_loops_ring
D:3:      layout_basic, uniq_sigmund
D:4:      layout_basic, minmay_quadrilaterals
D:5:      layout_layer_cave, minmay_temple_entry_proselytizer, uniq_grinder,
          uniq_prince_ribbit1

Skill      XL: |  1  2  3  4  5  6  7 |
---------------+----------------------+-----
Spellcasting   | 5 |  5.5
Invocations    | 1 2 |  2.6
Short Blades   | 1 2 |  2.3
Long Blades    | 1 2 |  2.3
Axes           | 1 2 |  2.3
Maces & Flails | 1 2 |  2.3
Polearms       | 1 2 |  2.3
Staves         | 1 2 |  2.3
Slings         | 1 2 |  2.3
Bows           | 1 2 |  2.3
Crossbows      | 1 2 |  2.3
Throwing       | 1 2 |  2.3
Armour         | 1 2 |  2.3
Stealth        | 1 2 |  2.3
Shields        | 1 2 |  2.3
Evocations     | 1 2 |  2.3
Conjurations   | 1 |  1.9
Hexes          | 1 |  1.9
Summonings     | 1 |  1.9
Necromancy     | 1 |  1.9
Translocations | 1 |  1.9
Fire Magic     | 1 |  1.9
Ice Magic      | 1 |  1.9
Air Magic      | 1 |  1.9
Earth Magic    | 1 |  1.9
Poison Magic   | 1 |  1.9
Fighting       | 3 |  3.5
Dodging        | 5 |  5.2
Transmutations | 4 |  4.2
Unarmed Combat | 7 |  7.0

Action                   |  1- 3 |  4- 6 |  7- 9 || total
-------------------------+-------+-------+-------++-------
Melee: Unarmed           |    85 |   128 |     6 ||   219
       Kick              |    12 |    20 |       ||    32
       Bite              |     2 |    12 |       ||    14
       Headbutt          |    12 |     8 |       ||    20
       Punch             |     2 |     3 |       ||     5
 Cast: Beastly Appendage |    15 |    18 |       ||    33
       Wereblood         |       |    10 |       ||    10
       Ice Form          |       |     1 |       ||     1
  Use: Scroll            |       |     5 |       ||     5
       Potion            |       |     5 |       ||     5
 Stab: Sleeping          |       |     1 |       ||     1
Armor: Robe              |     2 |       |       ||     2
       Leather armour    |    16 |    24 |       ||    40
       Skin              |       |     3 |       ||     3
Dodge: Dodged            |    55 |    72 |     1 ||   128
